Description

Vers 4:15 de jeu vous avez 12 stalkers .

VOD

https://youtu.be/BhBJ-aUD4J0

Replay - 4 gate PvX

Build Order

Get SALT Encoding   

  12  0:04  Probe (Chrono Boost)  
  13  0:16  Probe (Chrono Boost)  
  13  0:20  Pylon  
  14  0:26  Probe (Chrono Boost)  
  15  0:38  Probe (Chrono Boost)  
  15  0:40  Gateway  
  16  0:47  Assimilator  
  16  0:49  Probe (Chrono Boost)  
  17  1:00  Probe (Chrono Boost)  
  17  1:02  Gateway  
  18  1:10  Probe (Chrono Boost)  
  19  1:21  Probe (Chrono Boost)  
  20  1:27  Cybernetics Core  
  20  1:31  Probe (Chrono Boost), Assimilator  
  21  1:41  Pylon  
  21  1:44  Probe (Chrono Boost)  
  22  1:55  Probe (Chrono Boost)  
  23  2:03  Stalker x2  
  23  2:08  Warp Gate (Chrono Boost)  
  27  2:15  Gateway  
  27  2:20  Gateway  
  27  2:35  Stalker (Chrono Boost)  
  27  2:36  Stalker (Chrono Boost)  
  31  2:53  Pylon  
  31  3:11  Stalker x2  
  35  3:15  Stalker  
  35  3:16  Stalker  
  39  3:29  Pylon  
  39  3:31  Pylon  
  39  3:57  Stalker  
  39  3:58  Stalker x2  
  45  4:03  Stalker  
Spawning Tool Build Advisor. Get it on Overwolf

Go to:

Details

  • Created by: defer
  • Published on: Jul 25, 2017
  • Modified on: Jul 26, 2017
  • Patch: 3.8.0
Show
View Real Time Build Order
Export as new Build Order

Comments (0)

There are no comments. Be the first!

Create an account to comment!